 Dungeon Crawl Stone Soup version 0.17-a0-2122-g03d97ec (webtiles) character file.

51 tp1 the Conjurer (level 3, -1/19 HPs)
             Began as a Deep Elf Conjurer on Oct 21, 2015.
             Killed from afar by Natasha (7 damage)
             ... with a magic dart
             ... on level 2 of the Dungeon.
             The game lasted 00:04:59 (1965 turns).

tp1 the Conjurer (Deep Elf Conjurer)                Turns: 1965, Time: 00:05:00

Health: -1/19      AC:  3    Str:  5    XL:     3   Next: 58%
Magic:  0/10       EV: 13    Int: 20    God:
Gold:   4          SH:  0    Dex: 15    Spells: 3 memorised, 4 levels left

rFire  . . .     SeeInvis .     h - +0 short sword
rCold  . . .     Clarity  .     a - +0 robe
rNeg   . . .     SustAt   .     (no shield)
rPois  .         Gourm    .     (no helmet)
rElec  .         Spirit   .     (no cloak)
rCorr  .         Warding  .     (no gloves)
rMut   .         Stasis   .     l - +0 pair of boots
MR     .....                    (no amulet)
Stlth  ++........               (no ring)
                                (no ring)

@: not resistant to hostile enchantments, unstealthy
A: no striking features
a: no special abilities


You were on level 2 of the Dungeon.
You were hungry.

You visited 1 branch of the dungeon, and saw 2 of its levels.

You collected 4 gold pieces.

Inventory:

Hand Weapons
 d - a +0 dagger
 h - a +0 short sword (weapon)
 j - a +0 short sword
Armour
 a - a +0 robe (worn)
 l - a +0 pair of boots (worn)
Jewellery
 i - an uncursed ring of sustain attributes {unknown}
Scrolls
 g - a scroll of teleportation {unknown}
 k - a scroll of identify {unknown}
Potions
 e - a potion of magic {unknown}
Books
 b - a book of Conjurations

   Spells                             Type                      Level
   a - Magic Dart                     Conjuration                  1
   b - Searing Ray                    Conjuration                  2
   c - Dazzling Spray                 Conjuration/Hexes            3
   d - Fulminant Prism                Conjuration/Hexes            4
   e - Iskenderun's Mystic Blast      Conjuration                  4
   f - Iskenderun's Battlesphere      Conjuration/Charms           5
Comestibles
 c - a bread ration
 f - 2 meat rations


   Skills:
 - Level 3.1 Dodging
 - Level 2.4 Stealth
 + Level 4.2 Spellcasting
 - Level 5.0 Conjurations


You had 4 spell levels left.
You knew the following spells:

 Your Spells              Type           Power        Failure   Level  Hunger
a - Magic Dart            Conj           ###.         1%          1    None
b - Searing Ray           Conj           ###...       2%          2    #......
c - Dazzling Spray        Conj/Hex       ##......     14%         3    ###....


Dungeon Overview and Level Annotations

Branches:
Dungeon (2/15)

Altars:

Annotations:
D:2 Natasha


Message History

Natasha is severely wounded.
The shadow imp hits you.
Natasha stares next to you and mumbles some strange words.
A cloud of flames roars to life!
The shadow imp hits you.
You closely miss Natasha.
Natasha is severely wounded.
Natasha barely misses you. The shadow imp closely misses you.
You barely miss Natasha.
Natasha is heavily wounded.
Natasha barely misses you. The shadow imp misses you.
Casting: Magic Dart
Confirm with . or Enter, or press ? or * to list all spells.
Aiming: Magic Dart
Press: ? - help, Shift-Dir - straight line, f/p - Natasha
Aim: Natasha (heavily wounded)
The magic dart hits Natasha.
Natasha is almost dead.
Natasha casts a spell at you. The magic dart hits you!
You die...

########.#.# ##
###.######..
....###.........
.......>######..
..........#
....#####.# ...
#§# ....#####§#
#......@.#
#.....5h.#
#........#
#.........
#######....
.....# .....#
.....#


You could see Natasha and a shadow imp.

Vanquished Creatures
  An adder (D:2)
  A worm (D:1)
  2 giant geckos (D:1)
  A ball python (D:2)
  4 bats (D:1)
  2 giant cockroaches (D:1)
  5 goblins
  4 hobgoblins (D:1)
  4 giant newts
  9 kobolds (D:1)
  5 rats
38 creatures vanquished.

Notes
Turn   | Place    | Note
--------------------------------------------------------------
     0 | D:1      | tp1 the Deep Elf Conjurer began the quest for the Orb.
     0 | D:1      | Reached XP level 1. HP: 10/10 MP: 6/6
   232 | D:1      | Reached XP level 2. HP: 15/15 MP: 2/8
  1094 | D:1      | Reached XP level 3. HP: 19/19 MP: 8/10
  1860 | D:2      | Reached skill level 5 in Conjurations
  1869 | D:2      | Learned a level 2 spell: Searing Ray
  1873 | D:2      | Learned a level 3 spell: Dazzling Spray
  1952 | D:2      | Noticed Natasha
  1965 | D:2      | Killed from afar by Natasha

Vault maps used:
D:1:      evilmike_arrival_fibonacci_small, kennysheep_pointless_box
D:2:      kennysheep_nub, uniq_jessica, uniq_iyjb, uniq_natasha, uniq_robin

Action                   || total
-------------------------++-------
Melee: Short sword       ||     6
 Cast: Magic Dart        ||    79
  Eat: Chunk             ||     2
